 Dungeon Sprint DCSS version 0.20.1-1-g8b1a95d (webtiles) character file.

13792 KingStallion the Fencer (level 12, -5/85 HPs)
             Began as a Gargoyle Berserker on Oct 31, 2017.
             Was the Champion of Trog.
             Slain by a dire elephant (29 damage)
             ... in the Dungeon (Sprint III: "The Ten Rune Challenge").
             The game lasted 00:13:57 (2119 turns).

KingStallion the Fencer (Gargoyle Berserker)        Turns: 2119, Time: 00:13:58

Health: -5/85      AC: 23    Str: 22    XL:     12   Next: 9%
Magic:  4/12       EV: 10    Int:  9    God:    Trog [******]
Gold:   45         SH:  0    Dex: 12    Spells: 11/11 levels left

rFire    + . .     SeeInvis .   a - +2 double sword (venom)
rCold    . . .     Gourm    .   (no shield)
rNeg     + . .     Faith    .   s - +0 chain mail {rF+}
rPois    ∞         Spirit   .   (no helmet)
rElec    +         Reflect  .   l - +0 cloak
rCorr    .         Harm     .   (no gloves)
MR       .....     NoTele   +   (no boots)
Stlth    ++........             (no amulet)
Regen    0.3/turn               (no ring)
MPRegen  0.2/turn               (no ring)

@: berserk cooldown, hasted and slowed
A: negative energy resistance 1, electricity resistance, unbreathing,
petrification resistance, rot immunity, AC +8
a: Berserk, Trog's Hand, Brothers in Arms, Burn Spellbooks, Renounce Religion


You were in the Dungeon.
You worshipped Trog.
Trog was exalted by your worship.
You were hungry.

You visited 1 branch You collected 45 gold pieces.

Inventory:

Hand Weapons
 a - a +2 double sword of venom (weapon)
 b - a +5 antimagic halberd
 c - the +11 plutonium sword {*Contam Stlth-}
   (Trog gifted it to you in the Dungeon)

   It causes magical contamination when unequipped.
   It makes you less stealthy.
 k - a +3 quarterstaff of chaos
 n - a +0 falchion
 w - a +2 dagger of venom
 x - a +0 shortbow
 z - the +9 dagger of the Valley of Death {flame, *Rage +Inv Str+4 Dex+9}
   (Trog gifted it to you in the Dungeon)

   It has been specially enchanted to burn those struck by it, causing extra
   injury to most foes and up to half again as much damage against particularly
   susceptible opponents.
   It affects your strength (+4).
   It affects your dexterity (+9).
   It lets you turn invisible.
   It may make you go berserk in combat.
 A - a +2 great sword of electrocution
 B - a +2 antimagic scimitar
 C - a +5 antimagic triple sword
 D - a +1 great sword of holy wrath
 G - a +2 long sword of holy wrath
Missiles
 y - 96 arrows
Armour
 d - a +0 hat of magic resistance
 l - a +0 cloak (worn)
 s - a +0 chain mail of fire resistance (worn)
 E - a +1 scale mail of magic resistance
Scrolls
 i - a scroll of blinking
 o - 3 scrolls of identify
 p - 3 scrolls of remove curse
Potions
 g - 2 potions of magic
 h - a potion of berserk rage
 j - a potion of might
 m - 5 potions of mutation
 r - a potion of flight {unknown}
 t - a potion of experience
Comestibles
 q - 4 fruits
 u - 24 royal jellies
 v - 8 chunks of flesh


   Skills:
 * Level 14.1 Fighting
 + Level 5.1(11.6) Short Blades
 * Level 15.6(15.9) Long Blades
 + Level 1.4 Polearms
 + Level 5.3 Bows
 + Level 2.0 Throwing
 * Level 13.3 Armour
 + Level 4.7 Dodging
 * Level 11.5 Stealth
 * Level 10.1 Unarmed Combat
 + Level 1.0 Evocations


You had 11 spell levels left.
You didn't know any spells.

Dungeon Overview and Level Annotations

Branches:
Dungeon (1/1)

Altars:
Cheibriados
Dithmenos
Elyvilon
Fedhas
Gozag
Hepliaklqana
Kikubaaqudgha
Makhleb
Nemelex Xobeh
Okawaru
Qazlal
Ru
Sif Muna
Trog
Uskayaw
Vehumet
Xom
Yredelemnul
Zin
The Shining One
Beogh
Jiyva
Lugonu


Innate Abilities, Weirdness & Mutations

You are resistant to torment.
Your stone body is resilient. (AC +8)
You are immune to poison.
You resist negative energy. (rN+)
You are resistant to electric shocks. (rElec)
You can survive without breathing.
You are immune to petrification.
You are immune to rotting.


Message History

You feel magic returning to you.
Your +2 double sword of venom begins to drip with poison!
a - a +2 double sword of venom (weapon)
You slash the dire elephant!
The dire elephant is poisoned.
The dire elephant is moderately wounded.
The dire elephant tramples you!
You stumble backwards!
You slash the dire elephant!
The dire elephant looks as sick as possible!
The dire elephant is moderately wounded.
You slash the dire elephant!
The dire elephant is heavily wounded.
The dire elephant tramples you but does no damage.
The dire elephant trunk-slaps you but does no damage.
You barely miss the dire elephant.
The dire elephant is heavily wounded.
The dire elephant tramples you!!
* * * LOW HITPOINT WARNING * * *
You stumble backwards!
You feel much better. The dire elephant tramples you!!
You die... ▓.................#___#__'...# ▓▓▓▓▓▓▓▓▓▓▓▓▓▓▓▓▓▓▓▓▓▓▓▓▓▓▓▓▓▓ ▓.YY+≈.≈≈≈≈≈≈≈♣♣.....♣♣♣♣≈≈≈. ▓..P#≈≈.§§§≈≈≈♣♣.≈≈≈≈'♣♣'♣≈≈≈ ▓YP

#≈..§§≈.≈≈≈'÷...÷#.÷♣♣♣♣♣
▓Y #≈≈≈≈≈§≈≈≈♣♣♣♣♣♣♣#..♣♣
▓ #≈≈≈§≈≈§≈≈♣ ###†♣♣♣♣
▓##'####)#######♣
♣♣♣♣.##..
▓...(.((.)YY@...♣
♣...##.##
▓#+#############+
♣♣.##.##. ♣..#†##.
♣♣.##.## ♣♣.##.## ♣.....#
#######


You could see 2 dire elephants.

Vanquished Creatures
  Rupert (D)
  Gastronok (D)
  Snorg (D)
  A centaur warrior (D)
  Urug (D)
  An unseen horror (D)
  A lindwurm (D)
  A deep elf mage (D)
  2 elephants (D)
  2 spiny frogs (D)
  A komodo dragon (D)
  A rime drake (D)
  A queen bee (D)
  5 blink frogs (D)
  2 tyrant leeches (D)
  3 redbacks (D)
  A shadow (D)
  A spatial vortex (D)
  A swamp drake (D)
  A necrophage (D)
  2 centaurs (D)
  An earth elemental (D)
  3 wandering mushrooms (D)
  A water elemental (D)
  32 killer bees (D)
  A jelly (D)
  Crazy Yiuf (D)
  A wizard (D)
  Jessica (D)
  A necromancer (D)
  3 humans (D)
  A kobold demonologist (D)
  An ooze (D)
  2 rats (D)
80 creatures vanquished.

Vanquished Creatures (others)
  2 draconian scorchers (D)
  6 hellions (D)
  2 yaktaurs (D)
  7 plants (D)
17 creatures vanquished.

Grand Total: 97 creatures vanquished

Notes
Turn   | Place    | Note
-------+----------+-------------------------------------------
     0 | D        | KingStallion the Gargoyle Berserker began the quest for the Orb.
     0 | D        | Reached XP level 1. HP: 14/14 MP: 1/1
     9 | D        | Reached skill level 3 in Long Blades
     9 | D        | Reached skill level 1 in Stealth
    13 | D        | Noticed Jessica
    16 | D        | Reached ** piety under Trog
    25 | D        | Killed Jessica
    25 | D        | Reached skill level 4 in Long Blades
    25 | D        | Reached skill level 1 in Unarmed Combat
    25 | D        | Reached XP level 2. HP: 16/20 MP: 2/2
    25 | D        | Reached XP level 3. HP: 19/24 MP: 3/3
    58 | D        | Reached skill level 5 in Fighting
    83 | D        | Killed a yaktaur
    87 | D        | Noticed Crazy Yiuf
    90 | D        | Killed a hellion
   100 | D        | Killed Crazy Yiuf
   100 | D        | Reached skill level 5 in Long Blades
   100 | D        | Reached XP level 4. HP: 13/32 MP: 0/4
   118 | D        | Killed a white draconian scorcher
   127 | D        | Killed a white draconian scorcher
   132 | D        | Killed a hellion
   132 | D        | Killed a hellion
   132 | D        | Killed a hellion
   133 | D        | Killed a hellion
   163 | D        | Noticed a water elemental
   170 | D        | Killed a water elemental
   170 | D        | Reached skill level 6 in Long Blades
   170 | D        | Reached XP level 5. HP: 31/37 MP: 5/5
   196 | D        | Killed a hellion
   202 | D        | Found a shadowy altar of Dithmenos.
   202 | D        | Noticed a necrophage
   203 | D        | Found a basalt altar of Yredelemnul.
   203 | D        | Found a sacrificial altar of Ru.
   211 | D        | Reached *** piety under Trog
   226 | D        | Killed a yaktaur
   228 | D        | Killed a necrophage
   228 | D        | Reached skill level 7 in Long Blades
   228 | D        | Reached XP level 6. HP: 34/44 MP: 6/6
   300 | D        | Found a glowing silver altar of Zin.
   300 | D        | Found a glowing golden altar of the Shining One.
   300 | D        | Found a white marble altar of Elyvilon.
   300 | D        | Noticed a deep elf mage
   313 | D        | Killed a deep elf mage
   313 | D        | Reached skill level 9 in Long Blades
   313 | D        | Reached skill level 5 in Armour
   313 | D        | Reached skill level 5 in Stealth
   313 | D        | Reached XP level 7. HP: 33/51 MP: 7/7
   351 | D        | Found an iron altar of Okawaru.
   352 | D        | Found a roughly hewn altar of Beogh.
   352 | D        | Found a bloodstained altar of Trog.
   352 | D        | Found a hide-covered altar of Uskayaw.
   352 | D        | Noticed a human
   352 | D        | Noticed a human
   371 | D        | Killed a human
   371 | D        | Reached **** piety under Trog
   371 | D        | Reached skill level 10 in Long Blades
   371 | D        | Reached skill level 5 in Unarmed Combat
   372 | D        | Killed a human
   372 | D        | Reached skill level 10 in Fighting
   372 | D        | Reached XP level 8. HP: 17/57 MP: 8/8
   420 | D        | Found a radiant altar of Vehumet.
   421 | D        | Found a deep blue altar of Sif Muna.
   421 | D        | Found an ancient bone altar of Kikubaaqudgha.
   423 | D        | Reached ***** piety under Trog
   452 | D        | Noticed a shadow
   456 | D        | Killed a shadow
   484 | D        | Found a blossoming altar of Fedhas.
   484 | D        | Found a stormy altar of Qazlal.
   484 | D        | Found a snail-covered altar of Cheibriados.
   484 | D        | Found a burning altar of Makhleb.
   484 | D        | Found a shimmering altar of Xom.
   485 | D        | Found a hazy altar of Hepliaklqana.
   485 | D        | Found an opulent altar of Gozag.
   485 | D        | Found a sparkling altar of Nemelex Xobeh.
   485 | D        | Found a corrupted altar of Lugonu.
   485 | D        | Found a viscous altar of Jiyva.
   501 | D        | Received a gift from Trog
   501 | D        | Reached skill level 11 in Long Blades
   519 | D        | Noticed Snorg
   542 | D        | Killed Snorg
   542 | D        | Reached skill level 1 in Short Blades
   542 | D        | Reached XP level 9. HP: 17/64 MP: 3/9
   782 | D        | Reached skill level 12 in Long Blades
   954 | D        | Noticed a centaur warrior
   961 | D        | Killed a centaur warrior
   961 | D        | Reached skill level 1 in Polearms
  1021 | D        | Noticed a queen bee
  1035 | D        | Received a gift from Trog
  1036 | D        | Got a pitted dagger {god gift}
  1037 | D        | Identified the +9 dagger of the Valley of Death {flame, *Rage +Inv Str+4 Dex+9} (Trog gifted it to you in the Dungeon)
  1049 | D        | Killed a queen bee
  1051 | D        | Reached XP level 10. HP: 63/71 MP: 10/10
  1073 | D        | Reached ****** piety under Trog
  1079 | D        | Received a gift from Trog
  1079 | D        | Reached skill level 13 in Long Blades
  1086 | D        | Reached skill level 10 in Armour
  1094 | D        | Received a gift from Trog
  1116 | D        | Received a gift from Trog
  1296 | D        | Killed an unseen horror
  1470 | D        | Reached skill level 1 in Bows
  1482 | D        | Received a gift from Trog
  1499 | D        | Noticed a spiny frog
  1499 | D        | Noticed a spiny frog
  1501 | D        | Killed a spiny frog
  1503 | D        | Killed a spiny frog
  1510 | D        | Reached skill level 5 in Short Blades
  1690 | D        | Reached skill level 10 in Stealth
  1690 | D        | Reached XP level 11. HP: 77/77 MP: 3/11
  1702 | D        | Reached skill level 1 in Evocations
  1705 | D        | Received a gift from Trog
  1748 | D        | Noticed a lindwurm
  1759 | D        | Killed a lindwurm
  1786 | D        | Noticed Urug
  1803 | D        | Killed Urug
  1803 | D        | Received a gift from Trog
  1803 | D        | Reached skill level 5 in Bows
  1880 | D        | Reached skill level 14 in Long Blades
  1932 | D        | Received a gift from Trog
  2028 | D        | Noticed a dire elephant
  2029 | D        | Noticed a dire elephant
  2074 | D        | Noticed Gastronok
  2076 | D        | Noticed Rupert
  2076 | D        | Paralysed by Rupert for 6 turns
  2094 | D        | Killed Rupert
  2094 | D        | Received a gift from Trog
  2094 | D        | Reached skill level 15 in Long Blades
  2094 | D        | Reached skill level 1 in Throwing
  2097 | D        | Killed Gastronok
  2097 | D        | Received a gift from Trog
  2097 | D        | Reached skill level 10 in Unarmed Combat
  2097 | D        | Reached XP level 12. HP: 64/85 MP: 4/12
  2117 | D        | HP: 3/85 [dire elephant (29)]
  2119 | D        | Slain by a dire elephant

Skill      XL: |  1  2  3  4  5  6  7  8  9 10 11 12 |
---------------+-------------------------------------+-----
Long Blades    | 4 5 6 7 9 10 11 12 13 15 | 15.6
Stealth        | 2 3 4 5 6 7 8 10 11 | 11.5
Fighting       | 4 5 6 7 9 10 11 12 14 | 14.1
Unarmed Combat | 1 2 3 4 5 6 7 8 10 | 10.1
Armour         | 3 4 5 6 7 9 11 13 | 13.3
Dodging        | 2 3 4 |  4.7
Short Blades   | 1 2 5 |  5.1
Polearms       | 1 |  1.4
Bows           | 3 5 |  5.3
Evocations     | 1 |  1.0
Throwing       | 1 2 |  2.0

Action                   |  1- 3 |  4- 6 |  7- 9 | 10-12 || total
-------------------------+-------+-------+-------+-------++-------
Melee: Falchion          |    33 |    36 |       |       ||    69
       Punch             |       |     2 |     1 |     2 ||     5
       Long sword        |       |       |    56 |       ||    56
       Dagger            |       |       |    40 |    67 ||   107
       Halberd           |       |       |     1 |       ||     1
       Triple sword      |       |       |       |    67 ||    67
       Double sword      |       |       |       |    31 ||    31
       Great sword       |       |       |       |    10 ||    10
 Fire: Shortbow          |       |       |       |    26 ||    26
Throw: Javelin           |       |       |       |    10 ||    10
Invok: Trog's Hand       |     2 |     3 |     7 |     4 ||    16
       Berserk           |     2 |     2 |     5 |     4 ||    13
       Burn Spellbooks   |       |       |     1 |       ||     1
Evoke: Sack of spiders   |       |       |       |     2 ||     2
  Use: Scroll            |       |     3 |       |       ||     3
       Potion            |       |       |       |     3 ||     3
 Stab: Sleeping          |       |     1 |       |     1 ||     2
  Eat: Chunk             |       |     2 |     4 |     6 ||    12
       Fruit             |       |       |     4 |       ||     4
       Bread ration      |       |       |     1 |       ||     1
       Royal jelly       |       |       |       |     1 ||     1
Armor: Animal skin       |     7 |     8 |     3 |       ||    18
       Chain mail        |       |       |    42 |    80 ||   122
Dodge: Dodged            |    22 |    11 |    45 |    62 ||   140
       Rpst.: Falchion   |     7 |     6 |       |       ||    13
       Long sword        |       |       |    10 |       ||    10
       Triple sword      |       |       |       |     5 ||     5
       Double sword      |       |       |       |     4 ||     4
       Great sword       |       |       |       |     1 ||     1
